 Dungeon Crawl Stone Soup version 0.18-a0-1551-g40744a8 (webtiles) character file.

41 Kilingo the Firebug (level 3, -6/19 HPs)
             Began as a Gargoyle Fire Elementalist on Mar 11, 2016.
             Mangled by a worm (9 damage)
             ... on level 2 of the Dungeon.
             The game lasted 00:15:21 (1304 turns).

Kilingo the Firebug (Gargoyle Fire Elementalist)    Turns: 1304, Time: 00:15:22

Health: -6/19      AC:  5    Str: 11    XL:     3   Next: 52%
Magic:  0/6        EV:  7    Int: 16    God:
Gold:   71         SH:  0    Dex: 10    Spells: 2 memorised, 3 levels left

rFire  . . .     SeeInvis .     j - +0 mace
rCold  . . .     Gourm    .     a - +0 robe
rNeg   + . .     Faith    .     (no shield)
rPois  ∞         Spirit   .     (no helmet)
rElec  +         Dismiss  .     (no cloak)
rCorr  .         Reflect  .     (no gloves)
SustAt .         Harm     .     (no boots)
MR     .....                    (no amulet)
Stlth  ++........               (no ring)
                                (no ring)

@: not resistant to hostile enchantments, unstealthy
A: negative energy resistance 1, electricity resistance, unbreathing,
petrification resistance, rot immunity, AC +3
a: no special abilities


You were on level 2 of the Dungeon.
You were hungry.

You visited 1 branch of the dungeon, and saw 2 of its levels.

You collected 71 gold pieces.

Inventory:

Hand Weapons
 j - a +0 mace (weapon)
Missiles
 k - 4 tomahawks (quivered)
Armour
 a - a +0 robe (worn)
Jewellery
 e - a +3 ring of slaying {unknown}
 i - a +6 ring of dexterity {unknown}
Scrolls
 f - a scroll of fog {unknown}
 m - 2 scrolls of identify {unknown}
 p - a scroll of noise {unknown}
Potions
 d - a potion of degeneration {unknown}
 h - a potion of lignification {unknown}
 n - a potion of curing {unknown}
Books
 b - a book of Flames

   Spells                             Type                      Level
   a - Flame Tongue                   Conjuration/Fire             1
   b - Throw Flame                    Conjuration/Fire             2
   c - Conjure Flame                  Conjuration/Fire             3
   d - Inner Flame                    Hexes/Fire                   3
   e - Sticky Flame                   Conjuration/Fire             4
   f - Fireball                       Conjuration/Fire             5
Comestibles
 c - a bread ration
 g - a beef jerky
 l - 6 fruits
 o - a meat ration
 q - 4 chunks of flesh


   Skills:
 - Level 1.5 Dodging
 - Level 2.1 Stealth
 + Level 2.4 Spellcasting
 + Level 2.1 Conjurations
 + Level 3.6 Fire Magic


You had 3 spell levels left.
You knew the following spells:

 Your Spells              Type           Power        Failure   Level  Hunger
a - Flame Tongue          Conj/Fire      ##...        8%          1    #......
b - Throw Flame           Conj/Fire      ##....       10%         2    ###....


Dungeon Overview and Level Annotations

Branches:
Dungeon (2/15)

Altars:


Innate Abilities, Weirdness & Mutations

You are resistant to torment.
Your stone body is resilient (AC +3).
You are immune to poison.
You resist negative energy.
You are resistant to electric shocks.
You can survive without breathing.
You are immune to petrification.
You are immune to rotting.


Message History

There is a stone staircase leading up here.
Casting: Throw Flame
Confirm with . or Enter, or press ? or * to list all spells.
You can't see any susceptible monsters within range! (Use Z to cast anyway.)
Casting: Throw Flame
Confirm with . or Enter, or press ? or * to list all spells.
Aiming: Throw Flame
Press: ? - help, Shift-Dir - straight line, f/p - worm
Aim: a worm The puff of flame hits the worm.
The worm is moderately wounded.
You are feeling hungry.
You barely miss the worm.
The worm is lightly wounded.
You hit the worm but do no damage.
The worm is lightly wounded.
The worm bites you!
* * * LOW HITPOINT WARNING * * *
The worm bites you!
You die...

.....#
#..............#
.....#
#............###
.....#
##...........#
.....#
#######'#####
.....# #.#
.....# #.#
.....# #.#
#w#########
#@........#
#.........#
+.........#
##.........#
#<.........#
#..........#
#..........#
#..(..)....#
#..........#


You could see a worm.

Vanquished Creatures
  An ooze (D:2)
  2 giant geckos (D:1)
  2 giant cockroaches (D:1)
  4 goblins
  4 hobgoblins (D:1)
  7 jackals
  3 bats (D:1)
  2 giant newts (D:1)
  4 kobolds
  2 rats (D:1)
31 creatures vanquished.

Notes
Turn   | Place    | Note
--------------------------------------------------------------
     0 | D:1      | Kilingo the Gargoyle Fire Elementalist began the quest for the Orb.
     0 | D:1      | Reached XP level 1. HP: 10/10 MP: 3/3
   272 | D:1      | Reached XP level 2. HP: 10/15 MP: 0/5
   780 | D:1      | Reached XP level 3. HP: 19/19 MP: 0/6
   818 | D:1      | Learned a level 2 spell: Throw Flame
  1304 | D:2      | Mangled by a worm

Vault maps used:
D:1:      evilmike_arrival_grusome_pit, minmay_bisected
D:2:      nicolae_ru_path_of_blood

Skill      XL: |  1  2  3 |
---------------+----------+-----
Conjurations   | 2 |  2.1
Dodging        | |  1.5
Stealth        | |  2.1
Spellcasting   | |  2.4
Fire Magic     | |  3.6

Action                   || total
-------------------------++-------
Melee: Unarmed           ||     6
       Mace              ||    32
Throw: Tomahawk          ||     3
 Cast: Flame Tongue      ||    39
       Throw Flame       ||     8
  Eat: Fruit             ||     1
       Chunk             ||     1
